 Dungeon Crawl Stone Soup version 0.24.0-125-gc4c63601f3 (webtiles) character file.

Game seed: 5466522940077399863, levelgen mode: deterministic

1306 Descartes the Ruffian (level 8, -3/42 HPs)
             Began as a Vine Stalker Fighter on Mar 1, 2020.
             Slain by an orc warrior
             ... wielding a +0 dire flail
              (7 damage)
             ... on level 6 of the Dungeon.
             The game lasted 00:14:53 (4395 turns).

Descartes the Ruffian (Vine Stalker Fighter)        Turns: 4395, Time: 00:14:53

Health: -3/42      AC: 11    Str: 20    XL:     8   Next: 57%
Magic:  0/9        EV:  9    Int: 13    God:
Gold:   75         SH: 10    Dex: 15    Spells: 7/7 levels left

rFire    . . .     SeeInvis .     - Unarmed
rCold    . . .     Gourm    .   b - +0 shield
rNeg     . . .     Faith    .   I - +0 scale mail of Peek-a-Boo {*Contam Str+2 Int+3}
rPois    .         Spirit   +   h - +0 helmet
rElec    .         Reflect  .   e - +0 cloak
rCorr    .         Harm     .   (no gloves)
MR       +....                  C - +1 pair of boots
Stlth    ..........             o - amulet of magic regeneration
HPRegen  0.54/turn              (no ring)
MPRegen  0.36/turn              (no ring)

@: no status effects
A: fangs 3, regeneration 1, magic shield, antimagic bite, no potion heal 3, rot
immunity
a: no special abilities


You were on level 6 of the Dungeon.
You were not hungry.

You visited 2 branches of the dungeon, and saw 7 of its levels.
You also visited: Sewer.

You collected 278 gold pieces.
You spent 203 gold pieces at shops.

Inventory:

Hand Weapons
 n - a +2 short sword of venom
Missiles
 q - 32 poisoned darts (quivered)
 r - 4 boomerangs
 s - 20 arrows
Armour
 a - a +0 scale mail
 b - a +0 shield (worn)
 e - a +0 cloak (worn)
 h - a +0 helmet (worn)
 y - a +0 plate armour
 C - a +1 pair of boots (worn)
 I - the +0 scale mail of Peek-a-Boo (worn) {*Contam Str+2 Int+3}
   (You found it on level 5 of the Dungeon)

   It affects your strength (+2).
   It affects your intelligence (+3).
   It causes magical contamination when unequipped.
Jewellery
 o - an amulet of magic regeneration (around neck)
 t - an uncursed ring of fire
 J - the amulet "Hebefico" {Gourm Int+4, unknown}
   (You found it on level 6 of the Dungeon)

   [amulet of the gourmand]

   It allows you to eat raw meat even when not hungry.
   It affects your intelligence (+4).
Wands
 v - a wand of flame (20)
Scrolls
 i - a scroll of blinking {unknown}
 k - 2 scrolls of teleportation
 p - a scroll of immolation
 u - a scroll of amnesia {unknown}
 w - 2 scrolls of random uselessness {unknown}
 z - a scroll of remove curse
 B - 2 scrolls of enchant armour {unknown}
 E - a scroll of vulnerability {unknown}
 G - 2 scrolls of identify
 H - a scroll of enchant weapon {unknown}
 K - a scroll of magic mapping {unknown}
Potions
 c - a potion of might
 f - a potion of berserk rage {unknown}
 g - 2 potions of lignification
 j - 2 potions of curing
 l - 2 potions of agility
 m - 2 potions of degeneration
 x - a potion of ambrosia {unknown}
 A - a potion of haste
 D - a potion of flight
 F - 4 potions of brilliance {unknown}
Comestibles
 d - 11 rations


   Skills:
 + Level 4.4 Fighting
 + Level 4.3 Armour
 + Level 3.0 Dodging
 + Level 4.5 Shields
 * Level 6.2 Unarmed Combat


You had 7 spell levels left.
You didn't know any spells.
Your spell library was empty.

Dungeon Overview and Level Annotations

Branches:
Dungeon (6/15)             Temple (1/1) D:4           Sewer (visited)

Altars:
Ashenzari
Cheibriados
Dithmenos
Elyvilon
Gozag
Hepliaklqana
Kikubaaqudgha
Makhleb
Nemelex Xobeh
Qazlal
Trog
Uskayaw
Vehumet
Wu Jian
Xom
Yredelemnul
Zin
The Shining One
Lugonu

Shops:
D:4 *   D:6 (


Innate Abilities, Weirdness & Mutations

You have razor-sharp teeth.
Your natural rate of healing is unusually fast.
When hurt, damage is shared between your health and your magic reserves.
Your bite disrupts and absorbs the magic of your enemies.
Potions cannot restore your health.
You are immune to rotting.


Message History

You hit the orc warrior.
The orc warrior is severely wounded.
The orc warrior hits you with a +0 dire flail.
* * * LOW HITPOINT WARNING * * *
You hit the orc warrior but do no damage.
The orc warrior is severely wounded.
You block the orc warrior's attack.
You hit the orc warrior but do no damage.
The orc warrior is severely wounded.
The orc warrior hits you with a +0 dire flail.
* * * LOW HITPOINT WARNING * * *
You hit the orc warrior.
You bite the orc warrior, but do no damage.
The orc warrior is almost dead.
The orc warrior hits you with a +0 dire flail.
* * * LOW HITPOINT WARNING * * *
You barely miss the orc warrior.
The orc warrior is almost dead.
The orc warrior hits you with a +0 dire flail!
You die...

.. .# .# ##.# #
..##+##.. .# ....#....
#.# #.......##..#
+.......'@o.#
##.......##..# .#
##....8....##.#
##.###...........###..
.... .................
...# ##.....######..
...# +#...#'....# ...#
##.##)...## <..#
#.##....#


You could see an orc warrior.

Vanquished Creatures
  Sigmund (D:4)
  Duvessa (D:5)
  Purgy (Sewer)
  An ice beast (D:5)
  A phantom (D:4)
  An ogre (D:6)
  Blork the orc (D:4)
  A water moccasin skeleton (D:4)
  Dowan (D:5)
  A scorpion (D:5)
  A crimson imp (D:5)
  A hound (D:2)
  2 orc wizards
  A bullfrog skeleton (D:4)
  Ijyb (D:4)
  2 worker ants
  Robin (D:1)
  A gnoll (D:2)
  5 adders
  A river rat (D:3)
  2 shadow imps (D:6)
  4 oozes
  3 dart slugs (D:1)
  A worm (D:2)
  6 leopard geckos
  7 orcs
  2 ball pythons
  16 bats
  10 giant cockroaches
  19 goblins
  8 hobgoblins
  28 jackals
  2 quokkas
  A ball python skeleton (D:5)
  3 frilled lizards
  14 kobolds
  12 rats
164 creatures vanquished.

Notes
Turn   | Place    | Note
-------+----------+-------------------------------------------
     0 | D:1      | Descartes the Vine Stalker Fighter began the quest for the
                  | Orb.
     0 | D:1      | Reached XP level 1. HP: 11/11 MP: 2/2
    74 | D:1      | Reached XP level 2. HP: 16/16 MP: 3/3
   141 | D:1      | Reached XP level 3. HP: 9/19 MP: 4/4
   890 | D:1      | Gained mutation: Your natural rate of healing is unusually
                  | fast. [Vine Stalker growth]
   890 | D:1      | Reached XP level 4. HP: 22/23 MP: 5/5
  1071 | D:2      | Found a hazy altar of Hepliaklqana.
  1093 | D:2      | Reached skill level 3 in Unarmed Combat
  1255 | D:2      | Reached skill level 1 in Dodging
  1307 | D:2      | Noticed Robin
  1396 | D:1      | Reached XP level 5. HP: 25/28 MP: 4/6
  1471 | D:1      | Killed Robin
  1509 | D:2      | Found a burning altar of Makhleb.
  1606 | D:3      | Found a bloodstained altar of Trog.
  1867 | D:3      | Found a glowing drain.
  1871 | Sewer    | Entered a sewer
  1884 | Sewer    | Reached XP level 6. HP: 32/32 MP: 5/7
  1905 | Sewer    | Noticed Purgy
  1930 | Sewer    | Killed Purgy
  1930 | Sewer    | Reached skill level 4 in Unarmed Combat
  2183 | D:2      | Found a faded altar of an unknown god.
  2242 | D:2      | Found a shattered altar of Ashenzari.
  2348 | D:2      | Found a sparkling altar of Nemelex Xobeh.
  2349 | D:2      | Found an opulent altar of Gozag.
  2444 | D:4      | Noticed Ijyb
  2452 | D:4      | Noticed Sigmund
  2502 | D:4      | Killed Ijyb
  2516 | D:4      | Found a staircase to the Ecumenical Temple.
  2635 | D:4      | Reached XP level 7. HP: 25/36 MP: 8/8
  2664 | D:4      | Killed Sigmund
  2711 | D:4      | Reached skill level 5 in Unarmed Combat
  2792 | D:4      | Found an ornate altar of the Wu Jian Council.
  2812 | D:4      | Found a shimmering altar of Xom.
  2825 | D:4      | Found a shadowy altar of Dithmenos.
  2892 | D:4      | Found a radiant altar of Vehumet.
  2921 | D:4      | Noticed Blork the orc
  2952 | D:4      | Killed Blork the orc
  3056 | D:4      | Found a glowing silver altar of Zin.
  3206 | Temple   | Entered the Ecumenical Temple
  3395 | D:4      | Found Qujoet's Assorted Antiques.
  3398 | D:4      | Bought a scroll labeled FIZURU QANU for 18 gold pieces
  3398 | D:4      | Bought an emerald potion for 16 gold pieces
  3398 | D:4      | Bought a pair of runed boots for 135 gold pieces
  3398 | D:4      | Bought a puce potion for 16 gold pieces
  3398 | D:4      | Bought a scroll labeled IMMIPP LAUTE for 18 gold pieces
  3472 | D:5      | Entered Level 5 of the Dungeon
  3485 | D:5      | Gained mutation: You have razor-sharp teeth. [Vine Stalker
                  | growth]
  3485 | D:5      | Reached XP level 8. HP: 42/42 MP: 9/9
  3674 | D:5      | Noticed Dowan
  3674 | D:5      | Noticed Duvessa
  3685 | D:5      | Killed Dowan
  3708 | D:5      | Killed Duvessa
  4015 | D:5      | Got an ancient scale mail
  4037 | D:5      | Reached skill level 6 in Unarmed Combat
  4051 | D:5      | Identified the +0 scale mail of Peek-a-Boo {*Contam Str+2
                  | Int+3} (You found it on level 5 of the Dungeon)
  4171 | D:6      | Found a stormy altar of Qazlal.
  4172 | D:6      | Got a crude ivory amulet
  4202 | D:6      | Found Guptiph's Antique Weapon Shoppe.
  4395 | D:6      | Slain by an orc warrior

Levels and vault maps discovered:
D:1:      psy_arrival_fountain, layout_loops_ring
D:2:      layout_rooms, grunt_temple_overflow_opulence,
          overflow_temple_1_default, marbit_many_paths,
          makhleb_heckhound_becter, chequers_ecumenical_altar_twisty,
          first_ration, cheibrodos_gnoll_hut, uniq_robin
D:3:      layout_basic, overflow_temple_1_default, gup_sewer_entry_spiral
D:4:      layout_basic, vehumet_altar_wand_db,
          nicolae_overflow_quartered_altars, minmay_temple_entry_nine_rooms,
          serial_shops, kennysheep_mini, uniq_sigmund, uniq_blork_the_orc,
          uniq_ijyb
D:5:      layout_cave_pools, uniq_duvessa
D:6:      layout_gridville, old_standard_altar, fedhas_altar_2,
          ebering_ghost_sewer_d, serial_shops, shop, minmay_pentangle
Temple:   corrupted_temple

Skill      XL: |  1  2  3  4  5  6  7  8 |
---------------+-------------------------+-----
Shields        | 3 4 |  4.5
Armour         | 3 4 |  4.3
Unarmed Combat | 3 4 5 6 |  6.2
Fighting       | 3 4 |  4.4
Dodging        | 1 2 3 |  3.0

Action                   |  1- 3 |  4- 6 |  7- 9 || total
-------------------------+-------+-------+-------++-------
Melee: Unarmed           |   144 |   337 |   224 ||   705
       Bite              |    34 |    81 |    83 ||   198
  Use: Scroll            |       |     6 |     3 ||     9
       Potion            |       |     3 |       ||     3
  Eat: Chunk             |       |     6 |     4 ||    10
       Ration            |       |       |     1 ||     1
Armor: Scale mail        |    71 |   229 |    22 ||   322
       Plate armour      |       |       |    60 ||    60
Dodge: Dodged            |    62 |   147 |    38 ||   247
Block: Shield            |    72 |   226 |    83 ||   381
